Map: Berlingrad LE

Players

DikPound - Winner!

  • Race: Zerg Zerg
  • League: Gold

tylerlavally

  • Race: Protoss Protoss

VOD

Have the link to the VOD?

Description

Time

  • Played on: March 9, 2022, 1:43 a.m.
  • Length: 19:22
Show
View Real Time Build Order
Export as new Build Order

DikPound Zerg - Winner!

Build Orders: Pool First, Swarm Host 

Get SALT Encoding   

  12  1:01  Spawning Pool  
  12  1:03  Drone x3  
  14  1:19  Hatchery  
  14  1:21  Extractor  
  12  1:32  Drone x2  
  14  1:49  Overlord x2  
  14  2:06  Queen  
  16  2:14  Hatchery  
  15  2:17  Zergling x2  
  15  2:20  Zergling x2  
  17  2:40  Drone x3  
  17  2:41  Drone  
  21  3:09  Roach Warren  
  21  3:10  Spore Crawler  
  19  3:15  Drone x3  
  22  3:27  Queen  
  24  3:40  Zergling x4  
  25  3:45  Drone x3  
  28  3:53  Extractor  
  27  4:07  Queen  
  28  4:16  Drone x3  
  31  4:31  Spine Crawler  
  31  4:35  Spine Crawler  
  31  4:36  Spore Crawler  
  24  4:48  Queen  
  28  4:53  Roach x4  
  34  5:01  Drone x2  
  34  5:02  Drone  
  35  5:21  Drone x2  
  37  5:22  Roach  
  39  5:37  Spine Crawler  
  39  5:38  Spore Crawler  
  29  5:57  Queen  
  29  6:02  Spore Crawler  
  28  6:38  Lair  
  28  6:41  Roach x3  
  28  6:43  Overlord x3  
  34  8:00  Infestation Pit  
  34  8:04  Queen  
  37  8:06  Queen  
  37  8:13  Queen  
  35  8:59  Swarm Host x2  
  35  9:00  Swarm Host x6  
  57  9:06  Nydus Network, Queen  
  58  9:11  Overlord x2  
  58  9:18  Spore Crawler  
  58  9:23  Spore Crawler  
  54  9:57  Nydus Canal  
  54  10:06  Queen  
  56  10:07  Queen  
  56  10:09  Drone x6  
  64  10:21  Hydralisk Den  
  57  10:55  Hydralisk x5  
  66  11:46  Nydus Canal  
  66  11:51  Drone x2  
  66  11:52  Overlord x2  
  66  11:53  Overlord x2  
  68  11:58  Spore Crawler  
  68  11:59  Drone x2, Spore Crawler  
  68  12:41  Metabolic Boost  
  68  12:45  Glial Reconstitution  
  68  12:47  Grooved Spines  
  68  12:50  Drone x11  
  78  13:08  Hydralisk x2  
  78  13:09  Spore Crawler  
  81  13:27  Spore Crawler  
  80  13:36  Zergling x6  
  80  13:37  Zergling x20  
  85  14:15  Hydralisk x7  
  98  14:18  Hydralisk  
  90  14:37  Nydus Canal  
  88  14:42  Hydralisk  
  88  14:43  Hydralisk x4  
  88  14:45  Overlord x3  
  98  15:32  Nydus Canal  
  98  15:35  Hydralisk x11  
  98  15:36  Hydralisk  
  116  16:23  Overseer  
  116  16:24  Overseer  
  116  16:31  Overlord  
  116  16:32  Overlord x10  
  116  16:36  Extractor  
  116  16:39  Extractor  
  114  17:38  Zergling x24  
  126  17:49  Queen  
  128  18:00  Spore Crawler  
  128  18:02  Spore Crawler  
  128  18:04  Spore Crawler  
  124  18:31  Hydralisk x5  
Show
View Real Time Build Order
Export as new Build Order

tylerlavally Protoss 

Build Orders:  

Get SALT Encoding   

  12  0:01  Probe  
  13  0:14  Pylon  
  13  0:32  Gateway  
  13  0:43  Assimilator  
  13  0:49  Assimilator  
  13  0:57  Gateway  
  13  1:10  Probe (Chrono Boost)  
  15  1:19  Probe (Chrono Boost)  
  15  1:25  Probe, Cybernetics Core  
  16  1:37  Probe  
  17  1:56  Nexus  
  17  2:14  Forge  
  17  2:23  Probe (Chrono Boost)  
  17  2:27  Zealot  
  20  2:33  Probe (Chrono Boost)  
  21  2:38  Probe (Chrono Boost)  
  22  2:51  Photon Cannon  
  22  2:55  Photon Cannon  
  22  3:00  Probe (Chrono Boost)  
  23  3:10  Probe (Chrono Boost)  
  23  3:12  Twilight Council  
  24  3:15  Probe (Chrono Boost)  
  25  3:30  Stalker  
  25  3:32  Stalker  
  27  3:45  Stargate  
  27  3:58  Photon Cannon  
  27  4:00  Stalker  
  29  4:24  Void Ray (Chrono Boost)  
  29  4:30  Stalker  
  31  4:51  Void Ray (Chrono Boost)  
  33  5:17  Stalker  
  33  5:19  Zealot  
  27  6:35  Pylon  
  27  6:39  Pylon  
  23  6:41  Pylon  
  23  6:47  Void Ray (Chrono Boost)  
  23  6:53  Stalker  
  29  6:55  Photon Cannon  
  29  6:59  Photon Cannon  
  29  7:01  Photon Cannon  
  29  7:02  Pylon  
  29  7:22  Void Ray (Chrono Boost)  
  29  7:44  Void Ray (Chrono Boost)  
  33  7:55  Shield Battery  
  33  8:14  Stargate  
  33  8:19  Phoenix (Chrono Boost)  
  35  8:37  Void Ray  
  35  9:10  Stalker x2  
  37  9:40  Stalker x2  
  37  9:42  Void Ray  
  43  10:10  Stalker  
  45  10:37  Nexus  
  39  10:52  Photon Cannon  
  39  10:59  Void Ray  
  39  11:05  Void Ray  
  47  11:30  Assimilator  
  47  11:33  Assimilator  
  47  11:36  Pylon  
  47  11:37  Void Ray  
  47  11:38  Pylon  
  47  11:42  Void Ray  
  55  12:00  Probe (Chrono Boost)  
  56  12:10  Probe (Chrono Boost)  
  56  12:15  Probe (Chrono Boost)  
  58  12:26  Probe  
  59  12:38  Probe, Void Ray x2  
  68  12:52  Pylon  
  68  13:02  Stalker x2  
  73  13:05  Probe  
  73  13:15  Void Ray  
  73  13:16  Void Ray  
  73  13:17  Probe  
  83  13:29  Probe x2 (Chrono Boost)  
  84  13:41  Probe (Chrono Boost)  
  86  13:43  Probe (Chrono Boost)  
  86  13:46  Photon Cannon  
  86  13:52  Void Ray  
  86  13:57  Probe x2  
  80  14:09  Probe x2  
  57  14:36  Probe (Chrono Boost)  
  59  14:46  Probe (Chrono Boost)  
  59  14:51  Probe (Chrono Boost)  
  60  14:53  Probe  
  61  15:02  Probe  
  61  15:05  Probe  
  63  15:14  Probe, Pylon  
  56  15:16  Pylon  
  56  15:17  Probe  
  56  15:20  Void Ray x2  
  53  15:26  Probe (Chrono Boost)  
  62  15:35  Probe (Chrono Boost)  
  63  15:38  Probe (Chrono Boost)  
  63  15:42  Probe (Chrono Boost)  
  65  15:43  Probe (Chrono Boost)  
  66  15:57  Void Ray  
  36  16:19  Photon Cannon  
  36  16:23  Stalker  
  38  16:26  Probe (Chrono Boost)  
  39  16:36  Probe (Chrono Boost)  
  40  17:52  Nexus  
  32  18:25  Shield Battery  
Tags
 
Composition
Swarm Host
League
Gold
Matchup
PvZ
Opening
Pool First
Add a new tag
Caveats
  • Supply blocks, unpowered buildings, or Contaminate may cause inaccurate times.
  • Supply counts are checked every 10 seconds.